 Dungeon Crawl Stone Soup version 0.27-a0-1193-g8631133539 (webtiles) character file.

Game seed: 10558366450564198161

170 robertstho the Ruffian (level 5, -3/78 HPs)
             Began as a Troll Berserker on May 25, 2021.
             Was a Priest of Trog.
             Slain by Eustachio
             ... wielding a +1 rapier of venom
              (5 damage)
             ... on level 4 of the Dungeon.
             The game lasted 00:05:00 (1976 turns).

robertstho the Ruffian (Troll Berserker)            Turns: 1976, Time: 00:05:02

Health: -3/78      AC:  4    Str: 25    XL:     5   Next: 26%
Magic:  4/4        EV: 10    Int:  4    God:    Trog [***...]
Gold:   98         SH:  0    Dex:  9    Spells: 4/4 levels left

rFire    . . .     SeeInvis +     - Unarmed
rCold    . . .     Faith    .   (no shield)
rNeg     . . .     Spirit   .   a - +0 animal skin
rPois    .         Reflect  .   (helmet restricted)
rElec    .         Harm     .   (no cloak)
rCorr    .         Rampage  .   (gloves unavailable)
Will     .....                  (boots unavailable)
Stlth    ..........             (no amulet)
HPRegen  1.23/turn              f - ring of see invisible
MPRegen  0.09/turn              (no ring)

@: berserking (expiring), lethally poisoned (-3 -> -8), very quick
A: large, unfitting armour, claws 3, regeneration 1, shaggy fur 1, tough skin 1
a: Renounce Religion, Berserk, Trog's Hand


You were on level 4 of the Dungeon.
You worshipped Trog.
Trog was most pleased with you.
You visited 1 branch of the dungeon, and saw 4 of its levels.

You collected 98 gold pieces.

Inventory:

Armour
 a - a +0 animal skin (worn)
Jewellery
 f - a ring of see invisible (left claw)
Scrolls
 d - 5 scrolls of identify
 e - 4 scrolls of teleportation {unknown}
 g - a scroll of enchant weapon {unknown}
 i - a scroll of blinking {unknown}
 j - a scroll of fog {unknown}
 k - a scroll of acquirement {unknown}
Potions
 b - a potion of resistance
 c - a potion of curing {unknown}
 h - a potion of haste {unknown}
 l - a potion of heal wounds {unknown}


   Skills:
 + Level 2.9 Fighting
 + Level 3.3 Dodging
 + Level 0.1 Stealth
 + Level 4.8 Unarmed Combat


You had 4 spell levels left.
You didn't know any spells.
Your spell library was empty.

Dungeon Overview and Level Annotations

Branches:
Dungeon (4/15)
 Temple: D:4-7

Altars:
Gozag
Uskayaw

Annotations:
D:4 Eustachio


Innate Abilities, Weirdness & Mutations

You are too large for most types of armour.
You have claws for hands.
Your natural rate of healing is unusually fast.
You are covered in fur. (AC +1)
You have tough skin. (AC +1)


Message History

The river rat bites you. The bat hits you but does no damage.
The quokka bites you. The bat hits you but does no damage.
Eustachio barely misses you.
You scratch Eustachio.
Eustachio is severely wounded.
You feel very sick. The bat hits you but does no damage.
The bat completely misses you. The bat barely misses you.
The bat hits you but does no damage. The quokka bites you.
* * * LOW HITPOINT WARNING * * *
The river rat barely misses you.
A red film seems to cover your vision as you go berserk!
You feel yourself moving faster!
You feel mighty!
You feel sick.
The bat barely misses you. x2; The quokka bites you.
* * * LOW HITPOINT WARNING * * *
Eustachio mumbles some strange words.
Eustachio blinks!
The river rat bites you.
* * * LOW HITPOINT WARNING * * *
You feel a strong urge to attack something.
You feel sick. The bat hits you but does no damage.
You barely miss Eustachio.
Eustachio is severely wounded.
You feel sick. The bat misses you. The quokka barely misses you.
You closely miss Eustachio.
Eustachio is severely wounded.
You feel sick. The bat hits you but does no damage. The bat closely misses you.
The bat barely misses you.
Eustachio hits you with a +1 rapier of venom!
* * * LOW HITPOINT WARNING * * *
You are lethally poisoned!
The river rat bites you but does no damage.
The quokka bites you but does no damage.
You closely miss Eustachio.
Eustachio is severely wounded.
* * * LOW HITPOINT WARNING * * *
You feel very sick. The bat hits you.
* * * LOW HITPOINT WARNING * * *
Eustachio hits you with a +1 rapier of venom.
You die...

.# #.# ..#
#####..# ..#.$.
#.#..#
##b#ยง.######
#.b.r......##
#.@@r.......
#.##..####.# ..
#..####.# ##
#.......#
......#####.#
##(#### #.# #
#.#
#######.####.#
##..........^.#


You could see Eustachio, a river rat (summoned), a quokka (summoned) and 2 bats.

Vanquished Creatures
  2 orc wizards (D:3)
  3 adders
  A white imp (D:3)
  An ufetubus (D:4)
  A worm (D:2)
  2 dart slugs
  2 orcs (D:3)
  10 endoplasms
  7 giant cockroaches
  5 goblins
  8 hobgoblins
  2 quokkas
  8 ball pythons
  5 bats
  4 frilled lizards
  4 kobolds
  7 rats
72 creatures vanquished.

Notes
Turn   | Place    | Note
-------+----------+-------------------------------------------
     0 | D:1      | robertstho the Troll Berserker began the quest for the Orb.
     0 | D:1      | Reached XP level 1. HP: 22/22 MP: 0/0
   161 | D:1      | Reached XP level 2. HP: 28/29 MP: 1/1
   223 | D:1      | Found a faded altar of an unknown god.
   531 | D:1      | Reached XP level 3. HP: 30/36 MP: 2/2
   684 | D:2      | Reached ** piety under Trog
   935 | D:2      | Reached skill level 4 in Unarmed Combat
  1200 | D:3      | Reached XP level 4. HP: 40/44 MP: 3/3
  1359 | D:3      | Reached XP level 5. HP: 52/52 MP: 4/4
  1366 | D:3      | Found a hide-covered altar of Uskayaw.
  1609 | D:3      | Found an opulent altar of Gozag.
  1928 | D:4      | Reached *** piety under Trog
  1952 | D:4      | Noticed Eustachio
  1976 | D:4      | HP: 3/78 [poisoned by Eustachio]
  1976 | D:4      | Slain by Eustachio

Illustrated notes

Levels and vault maps discovered:
D:1:      scummos_arrival_gate, layout_basic, serial_forest,
          infiniplex_forest_straight_1, infiniplex_forest_end_3,
          infiniplex_forest_clump_C, infiniplex_forest_end_3,
          infiniplex_forest_lined_room_2, infiniplex_forest_lined_4_way,
          infiniplex_forest_clump_cross, infiniplex_forest_clump_tiny,
          shapermc_ecumenical_altar_venn
D:2:      layout_rooms, minmay_pentomino_q4
D:3:      layout_basic, nicolae_uskayaw_suspiria, grunt_gozag_breadcrumbs
D:4:      layout_loops_ring, minmay_temple_entry_offerings, uniq_robin,
          uniq_natasha, uniq_eustachio, uniq_menkaure

Skill      XL: |  1  2  3 |
---------------+----------+-----
Dodging        | 3 |  3.3
Unarmed Combat | 4 |  4.8
Fighting       | |  2.9
Stealth        | |  0.1

Action                   |  1- 3 |  4- 6 || total
-------------------------+-------+-------++-------
Melee: Unarmed           |   130 |    79 ||   209
       Punch             |     2 |       ||     2
Invok: Berserk           |     1 |     1 ||     2
  Use: Scroll            |     1 |       ||     1
Armor: Animal skin       |    62 |    44 ||   106
Dodge: Dodged            |    81 |    80 ||   161

Table legend: (Time is in decaauts)
 A = Elapsed time spent in this place.
 B = Non-inter-level travel time spent in this place.
 C = Inter-level travel time spent in this place.
 D = Time resting spent in this place.
 E = Time spent auto-exploring this place.
 F = Levels seen in this place.
 G = Mean time per level.
                   A        B        C        D        E       F      G
               +--------+--------+--------+--------+--------+-----+--------+
         Total |   1968 |   1927 |     41 |      0 |   1409 |   4 |  492.0 |
       Dungeon |   1968 |   1927 |     41 |      0 |   1409 |   4 |  492.0 |
               +--------+--------+--------+--------+--------+-----+--------+

Top non-repeatable levels by time:
     D:3: 684 daAuts
     D:1: 634 daAuts
     D:2: 559 daAuts
     D:4: 89 daAuts
